 Dungeon Crawl Stone Soup version 0.23.2 (webtiles) character file.

Game seed: 12379043969214149618

3290 dvd the Basher (level 9, -9/79 HPs)
             Began as a Minotaur Hunter on Apr 2, 2019.
             Was an Elder of Trog.
             Mangled by an orc warrior
             ... wielding a +0 glaive
              (15 damage)
             ... on level 7 of the Dungeon.
             The game lasted 00:16:35 (6589 turns).

dvd the Basher (Minotaur Hunter)                    Turns: 6589, Time: 00:16:35

Health: -9/79      AC: 16    Str: 18      XL:     9   Next: 69%
Magic:  8/8        EV:  7    Int:  6 (8)  God:    Trog [****..]
Gold:   436        SH:  0    Dex: 13      Spells: 8/8 levels left

rFire    + . .     SeeInvis .   p - +0 mace
rCold    . . .     Gourm    .   (no shield)
rNeg     . . .     Faith    .   e - +1 plate armour of Eternity {Stlth+} (curse)
rPois    .         Spirit   .   g - +2 hat
rElec    .         Reflect  .   (no cloak)
rCorr    .         Harm     .   (no gloves)
MR       .....                  (no boots)
Stlth    ..........             (no amulet)
HPRegen  0.23/turn              n - ring of protection from fire
MPRegen  0.11/turn              (no ring)

@: berserk cooldown, slowed, very slow
A: retaliatory headbutt, horns 2, deterioration 1
a: Berserk, Trog's Hand, Brothers in Arms, Renounce Religion


You were on level 7 of the Dungeon.
You worshipped Trog.
Trog was greatly pleased with you.
You were very hungry.

You visited 1 branch of the dungeon, and saw 7 of its levels.
You also visited: Ossuary.

You collected 436 gold pieces.

Inventory:

Hand Weapons
 a - a +0 short sword
 b - a +0 trident
 p - a +0 mace (weapon)
 A - a +0 hand axe
Armour
 e - the cursed +1 plate armour of Eternity (worn) {Stlth+}
   (You found it on level 7 of the Dungeon)

   It makes you more stealthy.
   It has a curse placed upon it.
 g - a +2 hat (worn)
Jewellery
 n - a ring of protection from fire (left hand)
Wands
 z - a wand of digging (4)
Scrolls
 h - 2 scrolls of fear
 i - 5 scrolls of identify
 m - a scroll of enchant armour
 o - 2 scrolls of teleportation {unknown}
 r - 2 scrolls of enchant weapon {unknown}
 B - 3 scrolls of blinking {unknown}
Potions
 s - 2 potions of lignification
 t - 2 potions of brilliance
 u - 3 potions of curing
 v - 2 potions of haste
Comestibles
 f - 9 rations


   Skills:
 + Level 7.2 Fighting
 + Level 0.6(5.8) Axes
 + Level 9.2 Maces & Flails
 + Level 1.3(1.4) Polearms
 + Level 6.2 Throwing
 + Level 8.7 Armour
 + Level 4.3 Dodging
 + Level 2.0 Stealth


You had 8 spell levels left.
You didn't know any spells.
Your spell library was empty.

Dungeon Overview and Level Annotations

Branches:
Dungeon (7/15)             Temple (0/1) D:5

Altars:
Ashenzari
Fedhas
Okawaru
Qazlal
Sif Muna
Trog
Zin
The Shining One


Innate Abilities, Weirdness & Mutations

You reflexively headbutt those who attack you in melee.
You have a pair of horns on your head.
Your body sometimes deteriorates upon taking damage.


Message History

You closely miss the orc warrior.
The orc warrior is almost dead.
You feel sick.
The orc warrior hits you with a +0 glaive.
* * * LOW HITPOINT WARNING * * *
The orc warrior hits you but does no damage.
Your plate armour of Eternity prevents you from hitting the orc warrior.
The orc warrior is almost dead.
The orc warrior hits you with a +0 glaive!
* * * LOW HITPOINT WARNING * * *
Your body deteriorates!
You feel dopey.
You hit the orc warrior but do no damage.
The orc warrior is almost dead.
You feel sick.
You are no longer poisoned.
The orc warrior hits you but does no damage.
You completely miss the orc warrior.
The orc warrior is almost dead.
The orc warrior hits you with a +0 glaive!
You die...

# #............# #
#............# #
#....).......# +
#............# #
#..........?.#
#######.##.####..##
##...##.##### #).##
.........#....#().#
.........+...!))@.#
.........#....#)o.#
.........#....#...#
##.##...##.## #.###
##.####### #'#
....# ... ....# ...
....# .... ...##


You could see an orc warrior.

Vanquished Creatures
  A two-headed ogre (D:7)
  A water moccasin (D:6)
  3 orc warriors
  2 phantoms
  An ogre (D:4)
  3 centaurs
  2 big kobolds
  3 bullfrogs
  3 water moccasin zombies (Ossuary)
  A scorpion (D:6)
  A howler monkey (D:6)
  A quasit (D:6)
  A bullfrog zombie (D:5)
  4 crimson imps
  3 orc priests
  2 hounds
  A jelly (D:6)
  7 orc wizards
  A centaur skeleton (D:4)
  3 iguanas
  4 worker ants
  5 big kobold zombies (Ossuary)
  2 hound zombies
  A hound skeleton (D:5)
  2 mummies (Ossuary)
  3 gnolls
  9 adders
  A howler monkey skeleton (D:6)
  3 shadow imps
  2 oozes
  4 adder zombies (Ossuary)
  3 adder skeletons (D:4)
  2 worms
  3 dart slugs
  3 leopard geckos
  17 orcs
  A ball python (D:2)
  7 bats
  5 giant cockroaches
  2 gnoll zombies (Ossuary)
  5 goblins
  8 hobgoblins
  6 jackals (D:3)
  3 quokkas
  6 frilled lizards
  5 hobgoblin zombies
  A jackal skeleton (D:4)
  12 kobolds
  3 kobold zombies (Ossuary)
  3 orc zombies (Ossuary)
  11 rats
  A rat zombie (D:4)
187 creatures vanquished.

Notes
Turn   | Place    | Note
-------+----------+-------------------------------------------
     0 | D:1      | dvd the Minotaur Hunter began the quest for the Orb.
     0 | D:1      | Reached XP level 1. HP: 18/18 MP: 0/0
   107 | D:1      | Reached XP level 2. HP: 25/25 MP: 1/1
   912 | D:2      | Found a bloodstained altar of Trog.
   921 | D:2      | Became a worshipper of Trog the Wrathful
   943 | D:2      | Reached skill level 5 in Throwing
   943 | D:2      | Reached XP level 3. HP: 28/30 MP: 2/2
  1007 | D:2      | Found a faded altar of an unknown god.
  1158 | D:2      | Reached skill level 1 in Armour
  1204 | D:2      | Reached XP level 4. HP: 37/37 MP: 3/3
  1612 | D:3      | Reached * piety under Trog
  1939 | D:3      | Found a glowing golden altar of the Shining One.
  1969 | D:3      | Found an iron altar of Okawaru.
  2058 | D:3      | Found a glowing silver altar of Zin.
  2062 | D:3      | Found a blossoming altar of Fedhas.
  2334 | D:4      | Reached skill level 1 in Maces & Flails
  2354 | D:4      | Reached XP level 5. HP: 43/44 MP: 4/4
  2404 | D:4      | Found a stormy altar of Qazlal.
  2434 | D:4      | Reached ** piety under Trog
  2434 | D:4      | Reached skill level 2 in Maces & Flails
  2470 | D:4      | Noticed an ogre
  2477 | D:4      | Killed an ogre
  2477 | D:4      | Reached skill level 3 in Maces & Flails
  2477 | D:4      | Reached skill level 1 in Stealth
  2477 | D:4      | Reached XP level 6. HP: 29/51 MP: 5/5
  2504 | D:4      | Found a sand-covered staircase.
  2606 | Ossuary  | Entered an ossuary
  2853 | Ossuary  | Reached skill level 4 in Maces & Flails
  3043 | Ossuary  | Reached XP level 7. HP: 42/58 MP: 6/6
  3074 | Ossuary  | Reached skill level 5 in Maces & Flails
  3414 | D:4      | Reached *** piety under Trog
  3868 | D:5      | Entered Level 5 of the Dungeon
  4095 | D:5      | Reached skill level 6 in Maces & Flails
  4165 | D:5      | Found a staircase to the Ecumenical Temple.
  4203 | D:5      | HP: 2/60 [centaur/arrow (11)]
  4522 | D:5      | Reached XP level 8. HP: 17/67 MP: 7/7
  4766 | D:5      | Reached skill level 5 in Fighting
  4766 | D:5      | Reached skill level 5 in Armour
  5179 | D:6      | Reached skill level 7 in Maces & Flails
  5340 | D:6      | Reached **** piety under Trog
  5552 | D:6      | Got an iridescent shortbow
  5553 | D:6      | Identified the cursed +0 shortbow of Gallantry {velocity,
                  | *Contam rN+ Dex+3} (You found it on level 6 of the Dungeon)
  5570 | D:6      | Found a shattered altar of Ashenzari.
  5574 | D:6      | Found a deep blue altar of Sif Muna.
  5578 | D:6      | Gained mutation: Your body sometimes deteriorates upon
                  | taking damage. [mutagenic glow]
  5979 | D:6      | Reached XP level 9. HP: 69/75 MP: 8/8
  6176 | D:7      | Reached skill level 1 in Polearms
  6262 | D:7      | Reached skill level 8 in Maces & Flails
  6497 | D:7      | Noticed a two-headed ogre
  6505 | D:7      | Killed a two-headed ogre
  6514 | D:7      | Got a bloodstained plate armour
  6525 | D:7      | Identified the cursed +1 plate armour of Eternity {Stlth+}
                  | (You found it on level 7 of the Dungeon)
  6566 | D:7      | Received a gift from Trog
  6576 | D:7      | Reached skill level 9 in Maces & Flails
  6589 | D:7      | Mangled by an orc warrior

Skill      XL: |  1  2  3  4  5  6  7  8  9 |
---------------+----------------------------+-----
Throwing       | 5 6 |  6.2
Armour         | 1 2 3 4 7 8 |  8.7
Maces & Flails | 1 3 4 6 7 9 |  9.2
Fighting       | 3 4 5 7 |  7.2
Stealth        | 1 2 |  2.0
Dodging        | 3 4 |  4.3
Polearms       | 1 |  1.3
Axes           | |  0.6

Action                   |  1- 3 |  4- 6 |  7- 9 || total
-------------------------+-------+-------+-------++-------
Melee: Short sword       |    52 |       |    59 ||   111
       Headbutt          |    13 |    39 |    51 ||   103
       Mace              |     7 |   195 |   335 ||   537
       Trident           |       |       |     9 ||     9
       Hand axe          |       |       |     5 ||     5
Throw: Javelin           |    34 |    13 |       ||    47
       Throwing net      |     4 |     3 |       ||     7
       Tomahawk          |     1 |     6 |    21 ||    28
Invok: Trog's Hand       |       |       |     3 ||     3
       Berserk           |       |       |     6 ||     6
  Use: Potion            |       |       |     8 ||     8
       Scroll            |       |       |     8 ||     8
  Eat: Chunk             |     1 |     4 |     9 ||    14
       Ration            |       |     1 |     2 ||     3
Armor: Plate armour      |    41 |       |    99 ||   140
       Leather armour    |     3 |       |       ||     3
       Chain mail        |     2 |   141 |   233 ||   376
Dodge: Dodged            |    32 |    90 |   224 ||   346
